 Dungeon Crawl Stone Soup version 0.14-a0-2443-g5aee772 (webtiles) character file.

69 4tharraofdagon the Magician (level 3, -5/26 HPs)
             Began as a Lava Orc Wanderer on Feb 6, 2014.
             Slain by a worm (11 damage)
             ... on Level 2 of the Dungeon.
             The game lasted 00:01:53 (308 turns).

4tharraofdagon the Magician (Lava Orc Wanderer)      Turns: 308, Time: 00:01:53

HP  -5/26        AC  2     Str 13      XL: 3   Next: 37%
MP  10/10        EV 11     Int 14      God:
Gold 26          SH  0     Dex 10      Spells:  1 memorised,  7 levels left

rFire  + + +     SeeInvis .     j - +0,-1 dwarf hand axe (curse)
rCold  x . .     Clarity  .     b - +0 orc robe
rNeg   . . .     Conserve .     (no shield)
rPois  .         rCorr    .     (no helmet)
rElec  .         rRot     .     (no cloak)
SustAb . .       Spirit   .     (no gloves)
rMut   .         Warding  .     (no boots)
Saprov + . .     Stasis   .     (no amulet)
MR     .....                    (no ring)
                                (no ring)

@: very slightly contaminated, hasted, very quick, not resistant to hostile
enchantments, unstealthy
A: conserve scrolls, saprovore 1
a: no special abilities


You were on level 2 of the Dungeon.
You were not hungry.

You visited 1 branch of the dungeon, and saw 2 of its levels.

You collected 26 gold pieces.

Inventory:

Hand weapons
 c - a +0,+0 orcish club
 j - a cursed +0,-1 dwarven hand axe (weapon)
Armour
 b - a +0 orcish robe (worn)
 k - a +0 scale mail
Comestibles
 d - a meat ration
 f - an orange
Scrolls
 g - a scroll of enchant weapon II {unknown}
 h - 2 scrolls of identify {unknown}
 i - a scroll of teleportation {unknown}
 l - 2 scrolls of blinking {unknown}
Potions
 e - 2 potions of heal wounds
Books
 a - a book of Minor Magic

   Spells                             Type                      Level
   Magic Dart                         Conjuration                  1
   Blink                              Translocation                2
   Call Imp                           Summoning                    2
   Repel Missiles                     Charms/Air                   2
   Slow                               Hexes                        2
   Conjure Flame                      Conjuration/Fire             3
   Mephitic Cloud                     Conjuration/Poison/Air       3


   Skills:
 * Level 0.0 Axes
 - Level 2.8 Maces & Flails
 + Level 1.5 Armour
   Level 1.1 Shields
 - Level 3.2 Spellcasting
   Level 1.0 Conjurations
   Level 2.0 Hexes
   Level 1.3 Transmutations
   Level 1.2 Invocations


You had 7 spell levels left.
You knew the following spells:

 Your Spells              Type           Power        Failure   Level  Hunger
a - Sandblast             Erth           #.....       24%         1    #......


Dungeon Overview and Level Annotations

Branches:
Dungeon (2/16)

Altars:


Innate Abilities, Weirdness & Mutations

You have stony skin.
Your flesh is almost immune to the effects of heat.
Your fire spells are more powerful.
Your flesh is vulnerable to cold.
Your heat harms attackers.
You bathe your surroundings in blazing heat.
You are too hot to use scrolls.
You are very good at protecting items from fire.
You can tolerate rotten meat.


Message History

Terence is burned by your radiant heat.
You kill Terence!
Things that are here:
a dwarven hand axe; a scale mail; 2 scrolls labeled THEZABBE MASCHE
j - a dwarven hand axe;
k - a scale mail;
l - 2 scrolls labeled THEZABBE MASCHE
There are no items here.
Wield which item (- for none, * to show all)? (? for menu, Esc to quit)
It sticks to your hand!
j - a cursed +0,-1 dwarven hand axe (weapon)
You barely miss the worm. You barely miss the worm. The worm bites you.
* * * LOW HITPOINT WARNING * * *
The worm is singed by your heat.
The worm is lightly wounded.
You hit the worm but do no damage.
The worm is lightly wounded.
You hit the worm.
The worm is lightly wounded.
The worm bites you!
You die...

#######################
.....S.........w@.....#
.K###########..)......#
w #.........#
#.........# #.........#
#.........# #.....%...#
#.........# ########.##


You could see a worm.

Vanquished Creatures
  Terence (D:2)
  An adder (D:2)
  3 bats
  A giant cockroach (D:1)
  3 hobgoblins (D:1)
  2 jackals (D:1)
  A quokka (D:2)
  3 goblins
  4 kobolds
  2 rats
21 creatures vanquished.

Notes
Turn   | Place    | Note
--------------------------------------------------------------
     0 | D:1      | 4tharraofdagon, the Lava Orc Wanderer, began the quest for the Orb.
     0 | D:1      | Reached XP level 1. HP: 14/14 MP: 6/6
    67 | D:1      | Reached skill level 1 in Maces & Flails
   112 | D:1      | Reached XP level 2. HP: 15/20 MP: 8/8
   215 | D:1      | Reached skill level 1 in Armour
   262 | D:2      | Noticed Terence
   288 | D:2      | Reached XP level 3. HP: 18/26 MP: 10/10
   299 | D:2      | Killed Terence
   308 | D:2      | Slain by a worm

Action                   || total
-------------------------++-------
Melee: Club              ||    61
       Hand axe          ||     4
  Use: Potion            ||     4
